3A
BELLEVILLE BULLS @ MONROEVILLE YINZERS
09/06/2041
 
TOP OF THE 1ST
Belleville Bulls batting - Pitching for Monroeville Yinzers : RHP Jacob Sinclair
Pitching: RHP Jacob Sinclair
Batting: LHB Knox Loposer 0-0: Ball
1-0: Ball
2-0: Foul Ball, location: 2F
2-1: Ball
3-1: Fly out, F7 (Flyball, 78M, EV 85.6 MPH)
Batting: LHB Tony McMillan 0-0: Called Strike
0-1: Fly out, F9 (Line Drive, 9, EV 90.6 MPH)
Batting: SHB Marcos Román 0-0: Ball
1-0: Foul Ball, location: 2F
1-1: Ball
2-1: Ground out 4-3 (Groundball, 4, EV 88.1 MPH)
Top of the 1st over - 0 runs, 0 hits, 0 errors, 0 left on base; Belleville 0 - Monroeville 0
BOTTOM OF THE 1ST
Monroeville Yinzers batting - Pitching for Belleville Bulls : LHP Tom Woods
Pitching: LHP Tom Woods
Batting: RHB Ryan McCarty 0-0: Foul Ball, location: 2F
0-1: Ball
1-1: Ball
2-1: Called Strike
2-2: Foul Ball, location: 2F
2-2: Strikes out swinging
Batting: RHB Shuan-yan Bu 0-0: Ball
1-0: TRIPLE (Flyball, 89XD, EV 93.1 MPH)
Batting: RHB Ryan Blonke 0-0: Foul Ball, location: 2F
0-1: Ball
1-1: Swinging Strike
1-2: DOUBLE (Line Drive, 8LXD, EV 104.4 MPH)
Shuan-yan Bu scores
Pinch Runner at 2nd Rashid Jeltkov:
Batting: RHB Félix Pacheco 0-0: SINGLE (Flyball, 34D, EV 89.4 MPH)
Rashid Jeltkov to third
Batting: RHB Brian Martin 0-0: Foul Ball, location: 2F
0-1: Swinging Strike
0-2: Ball
1-2: Strikes out swinging
Batting: SHB Chong-hun Cho 0-0: Ball
1-0: Ball
2-0: Foul Ball, location: 2F
2-1: Foul Ball, location: 2F
2-2: Foul Ball, location: 2F
2-2: Fly out, F8 (Flyball, 8RS, EV 78.8 MPH)
Bottom of the 1st over - 1 run, 3 hits, 0 errors, 2 left on base; Belleville 0 - Monroeville 1
TOP OF THE 2ND
Belleville Bulls batting - Pitching for Monroeville Yinzers : RHP Jacob Sinclair
Now at 3B: José Calderón
Batting: RHB Dave Curtis 0-0: Ball
1-0: Ball
2-0: SOLO HOME RUN (Flyball, 7D, EV 88.1 MPH), Distance : 384 ft
Batting: LHB Ewold de Regt 0-0: Called Strike
0-1: Foul Ball, location: 2F
0-2: Foul Ball, location: 2F
0-2: Ground out 4-3 (Groundball, 34, EV 91.9 MPH)
Batting: RHB Joe Padilla 0-0: Ball
1-0: Ball
2-0: Ball
3-0: Base on Balls
Batting: SHB Kenny Dixon 0-0: Swinging Strike
0-1: Swinging Strike
0-2: Foul Ball, location: 2F
0-2: Ball
1-2: Ball
2-2: Foul Ball, location: 2F
2-2: Strikes out swinging
Batting: SHB Russ King 0-0: Fielders Choice at 2nd, 5-4 (Groundball, 5, EV 100.0 MPH)
Top of the 2nd over - 1 run, 1 hit, 0 errors, 1 left on base; Belleville 1 - Monroeville 1
BOTTOM OF THE 2ND
Monroeville Yinzers batting - Pitching for Belleville Bulls : LHP Tom Woods
Batting: RHB Si-xun Jin 0-0: Ball
1-0: Ball
2-0: Called Strike
2-1: Ball
3-1: Fly out, F7 (Flyball, 7, EV 76.9 MPH)
Batting: RHB David Ferris 0-0: Called Strike
0-1: Ball
1-1: Called Strike
1-2: Ball
2-2: Ball
3-2: Strikes out swinging
Batting: RHB Stu Roberts 0-0: SINGLE (Groundball, 56D, EV 102.5 MPH)
Batting: RHB Ryan McCarty 0-0: Ball
1-0: Ball
2-0: Fielders Choice at 2nd, 6-4 (Groundball, 6D, EV 90.6 MPH)
Bottom of the 2nd over - 0 runs, 1 hit, 0 errors, 1 left on base; Belleville 1 - Monroeville 1
TOP OF THE 3RD
Belleville Bulls batting - Pitching for Monroeville Yinzers : RHP Jacob Sinclair
Batting: RHB Cameron Loverock 0-0: Ball
1-0: Ball
2-0: Foul Ball, location: 2F
2-1: Foul Ball, location: 2F
2-2: Foul Ball, location: 2F
2-2: SINGLE (Groundball, 56D, EV 96.2 MPH)
Batting: LHB Knox Loposer 0-0: Ball
1-0: Foul Ball, location: 2F
1-1: Swinging Strike
1-2: Strikes out swinging
Batting: LHB Tony McMillan 0-0: Called Strike
0-1: Fielders Choice at 2nd, 1-4 (Groundball, 15, EV 76.2 MPH)
Batting: SHB Marcos Román 0-0: Ball
1-0: Ball
2-0: Called Strike
2-1: Swinging Strike
2-2: Foul Ball, location: 2F
2-2: Ball
3-2: Base on Balls
Tony McMillan to second
Batting: RHB Dave Curtis 0-0: Called Strike
0-1: Called Strike
0-2: Ball
1-2: Ball
2-2: Foul Ball, location: 2F
2-2: Foul Ball, location: 2F
2-2: Fly out, F8 (Line Drive, 8RD, EV 83.8 MPH)
Top of the 3rd over - 0 runs, 1 hit, 0 errors, 2 left on base; Belleville 1 - Monroeville 1
BOTTOM OF THE 3RD
Monroeville Yinzers batting - Pitching for Belleville Bulls : LHP Tom Woods
Batting: RHB Shuan-yan Bu 0-0: Ball
1-0: Fly out, F3 (Popup, 34, EV 77.5 MPH)
Batting: RHB José Calderón 0-0: Foul Ball, location: 2F
0-1: Ball
1-1: Ball
2-1: Swinging Strike
2-2: Ball
3-2: Foul Ball, location: 2F
3-2: Fly out, F9 (Line Drive, 9, EV 89.4 MPH)
Batting: RHB Félix Pacheco 0-0: Foul Ball, location: 2F
0-1: Foul Ball, location: 2F
0-2: Strikes out swinging
Bottom of the 3rd over - 0 runs, 0 hits, 0 errors, 0 left on base; Belleville 1 - Monroeville 1
TOP OF THE 4TH
Belleville Bulls batting - Pitching for Monroeville Yinzers : RHP Jacob Sinclair
Batting: LHB Ewold de Regt 0-0: Called Strike
0-1: Ball
1-1: Foul Ball, location: 2F
1-2: Foul Ball, location: 2F
1-2: Ground out 1-3 (Groundball, 34S, EV 89.4 MPH)
Batting: RHB Joe Padilla 0-0: Called Strike
0-1: Ball
1-1: Ball
2-1: Ball
3-1: Called Strike
3-2: Foul Ball, location: 2F
3-2: Foul Ball, location: 2F
3-2: Base on Balls
Batting: SHB Kenny Dixon 0-0: Ball
1-0: Ball
2-0: Foul Ball, location: 2F
2-1: Ball
3-1: Called Strike
3-2: Ground out 4-3 (Groundball, 4S, EV 83.1 MPH)
Joe Padilla to second
Batting: SHB Russ King 0-0: Foul Ball, location: 2F
0-1: Ball
1-1: DOUBLE (Line Drive, 78D, EV 100.6 MPH)
Joe Padilla scores
Batting: RHB Cameron Loverock 0-0: Ball
1-0: Ball
2-0: Foul Ball, location: 2F
2-1: Foul Ball, location: 2F
2-2: Ball
3-2: Strikes out swinging
Top of the 4th over - 1 run, 1 hit, 0 errors, 1 left on base; Belleville 2 - Monroeville 1
BOTTOM OF THE 4TH
Monroeville Yinzers batting - Pitching for Belleville Bulls : LHP Tom Woods
Batting: RHB Brian Martin 0-0: Ball
1-0: Foul Ball, location: 2F
1-1: Swinging Strike
1-2: Foul Ball, location: 2F
1-2: Strikes out swinging
Batting: SHB Chong-hun Cho 0-0: Ball
1-0: Ball
2-0: Foul Ball, location: 2F
2-1: Swinging Strike
2-2: Foul Ball, location: 2F
2-2: Strikes out swinging
Batting: RHB Si-xun Jin 0-0: Called Strike
0-1: Ball
1-1: Ball
2-1: Foul Ball, location: 2F
2-2: Ball
3-2: Foul Ball, location: 2F
3-2: Fly out, F6 (Popup, 6, EV 80.0 MPH)
Bottom of the 4th over - 0 runs, 0 hits, 0 errors, 0 left on base; Belleville 2 - Monroeville 1
TOP OF THE 5TH
Belleville Bulls batting - Pitching for Monroeville Yinzers : RHP Jacob Sinclair
Batting: LHB Knox Loposer 0-0: Ball
1-0: Foul Ball, location: 2F
1-1: Ball
2-1: Foul Ball, location: 2F
2-2: SINGLE (Line Drive, 4M, EV 96.9 MPH)
Pitching: RHP Roy Brown
Batting: LHB Tony McMillan 0-0: Bunted foul
0-1: Sac Bunt to 23 - play at first, batter OUT! 3-4
Knox Loposer to second
Batting: SHB Marcos Román 0-0: Ground out 2-3 (Groundball, 2L, EV 67.5 MPH)
Knox Loposer to third
Batting: RHB Dave Curtis 0-0: Called Strike
0-1: Swinging Strike
0-2: Ball
1-2: Strikes out swinging
Top of the 5th over - 0 runs, 1 hit, 0 errors, 1 left on base; Belleville 2 - Monroeville 1
BOTTOM OF THE 5TH
Monroeville Yinzers batting - Pitching for Belleville Bulls : LHP Tom Woods
Batting: RHB David Ferris 0-0: Ground out 5-3 (Groundball, 56, EV 104.4 MPH)
Batting: RHB Stu Roberts 0-0: Called Strike
0-1: Called Strike
0-2: Strikes out looking
Batting: RHB Ryan McCarty 0-0: Ball
1-0: Swinging Strike
1-1: Ball
2-1: Ball
3-1: Called Strike
3-2: Ground out 6-3 (Groundball, 6M, EV 101.9 MPH)
Bottom of the 5th over - 0 runs, 0 hits, 0 errors, 0 left on base; Belleville 2 - Monroeville 1
TOP OF THE 6TH
Belleville Bulls batting - Pitching for Monroeville Yinzers : RHP Roy Brown
Batting: LHB Ewold de Regt 0-0: Swinging Strike
0-1: Swinging Strike
0-2: Strikes out swinging
Batting: RHB Joe Padilla 0-0: Ball
1-0: Foul Ball, location: 2F
1-1: Ground out 1-3 (Groundball, 13S, EV 71.9 MPH)
Batting: SHB Kenny Dixon 0-0: Ground out 4-3 (Groundball, 4, EV 91.2 MPH)
Top of the 6th over - 0 runs, 0 hits, 0 errors, 0 left on base; Belleville 2 - Monroeville 1
BOTTOM OF THE 6TH
Monroeville Yinzers batting - Pitching for Belleville Bulls : LHP Tom Woods
Batting: RHB Shuan-yan Bu 0-0: Ball
1-0: Called Strike
1-1: Foul Ball, location: 2F
1-2: Foul Ball, location: 2F
1-2: Strikes out swinging, 2-3 out at first.
Batting: RHB José Calderón 0-0: Fly out, F8 (Flyball, 8RD, EV 99.4 MPH)
Batting: RHB Félix Pacheco 0-0: Called Strike
0-1: Ball
1-1: Foul Ball, location: 2F
1-2: Strikes out swinging
Bottom of the 6th over - 0 runs, 0 hits, 0 errors, 0 left on base; Belleville 2 - Monroeville 1
TOP OF THE 7TH
Belleville Bulls batting - Pitching for Monroeville Yinzers : RHP Roy Brown
Batting: SHB Russ King 0-0: Called Strike
0-1: Ball
1-1: Foul Ball, location: 2F
1-2: Ball
2-2: Ball
3-2: Base on Balls
Batting: RHB Cameron Loverock 0-0: Ball
1-0: Called Strike
Russ King steals 2nd base (no throw)
1-1: Foul Ball, location: 2F
1-2: Foul Ball, location: 2F
1-2: Ball
2-2: Fly out, F7 (Flyball, 7LD, EV 108.1 MPH)
Batting: LHB Knox Loposer 0-0: Ball
1-0: Ball
2-0: Called Strike
2-1: Ball
3-1: Called Strike
3-2: Foul Ball, location: 2F
3-2: Foul Ball, location: 2F
3-2: DOUBLE (Flyball, 8LD, EV 92.5 MPH)
Russ King scores
Batting: LHB Tony McMillan 0-0: Called Strike
0-1: Foul Ball, location: 2F
0-2: Ball
1-2: Foul Ball, location: 2F
1-2: Ball
2-2: Foul Ball, location: 2F
2-2: Ball
3-2: Base on Balls
Batting: SHB Marcos Román 0-0: Called Strike
0-1: DOUBLE (Flyball, 8LXD, EV 96.9 MPH)
Knox Loposer scores
Tony McMillan to third
Pitching: LHP Fernando Alou
Batting: RHB Dave Curtis 0-0: Ball
1-0: Swinging Strike
1-1: Called Strike
1-2: Ball
2-2: Foul Ball, location: 2F
2-2: Foul Ball, location: 2F
2-2: Strikes out swinging
Batting: LHB Ewold de Regt 0-0: Swinging Strike
0-1: Swinging Strike
0-2: Strikes out swinging
Top of the 7th over - 2 runs, 2 hits, 0 errors, 2 left on base; Belleville 4 - Monroeville 1
BOTTOM OF THE 7TH
Monroeville Yinzers batting - Pitching for Belleville Bulls : LHP Tom Woods
Pitching: RHP Luis Martínez
Batting: RHB Brian Martin 0-0: Ball
1-0: Ball
2-0: Ball
3-0: Called Strike
3-1: Ground out 6-3 (Groundball, 6, EV 81.9 MPH)
Batting: SHB Chong-hun Cho 0-0: Ball
1-0: Called Strike
1-1: Foul Ball, location: 2F
1-2: Ball
2-2: Foul Ball, location: 2F
2-2: Foul Ball, location: 2F
2-2: Foul Ball, location: 2F
2-2: Strikes out looking
Batting: RHB Si-xun Jin 0-0: Foul Ball, location: 2F
0-1: Foul Ball, location: 2F
0-2: Fly out, F7 (Flyball, 78S, EV 87.5 MPH)
Bottom of the 7th over - 0 runs, 0 hits, 0 errors, 0 left on base; Belleville 4 - Monroeville 1
TOP OF THE 8TH
Belleville Bulls batting - Pitching for Monroeville Yinzers : LHP Fernando Alou
Batting: RHB Joe Padilla 0-0: Fly out, F7 (Flyball, 7, EV 96.2 MPH)
Batting: SHB Kenny Dixon 0-0: Foul Ball, location: 2F
0-1: Called Strike
0-2: Ball
1-2: Foul Ball, location: 2F
1-2: SINGLE (Groundball, 56D, EV 101.2 MPH)
Batting: SHB Russ King 0-0: Swinging Strike
0-1: Foul Ball, location: 2F
0-2: Strikes out looking
Batting: RHB Cameron Loverock 0-0: Fly out, F2 (Popup, 2R, EV 87.5 MPH)
Top of the 8th over - 0 runs, 1 hit, 0 errors, 1 left on base; Belleville 4 - Monroeville 1
BOTTOM OF THE 8TH
Monroeville Yinzers batting - Pitching for Belleville Bulls : RHP Luis Martínez
Batting: RHB David Ferris 0-0: Foul Ball, location: 2F
0-1: Ball
1-1: Foul Ball, location: 2F
1-2: Ball
2-2: Foul Ball, location: 2F
2-2: Strikes out swinging
Batting: RHB Stu Roberts 0-0: Called Strike
0-1: Ball
1-1: Ball
2-1: SINGLE (Groundball, 15, EV 67.5 MPH) (infield hit)
Batting: RHB Ryan McCarty 0-0: Ball
1-0: Swinging Strike
1-1: Ball
2-1: Called Strike
2-2: Ball
3-2: Strikes out swinging
Batting: RHB Shuan-yan Bu 0-0: Ball
1-0: Foul Ball, location: 2F
1-1: Ball
Wild Pitch!
Stu Roberts to second
2-1: Ball
3-1: Base on Balls
Pitching: LHP Wayne Daugherty
Batting: RHB José Calderón 0-0: Fly out, F5 (Popup, 6S, EV 69.4 MPH)
Bottom of the 8th over - 0 runs, 1 hit, 0 errors, 2 left on base; Belleville 4 - Monroeville 1
TOP OF THE 9TH
Belleville Bulls batting - Pitching for Monroeville Yinzers : LHP Fernando Alou
Batting: LHB Knox Loposer 0-0: Ball
1-0: Ground out 6-3 (Groundball, 6, EV 89.4 MPH)
Batting: LHB Tony McMillan 0-0: Called Strike
0-1: Fly out, F9 (Flyball, 9LSF, EV 88.8 MPH)
Batting: SHB Marcos Román 0-0: Ball
1-0: Foul Ball, location: 2F
1-1: Foul Ball, location: 2F
1-2: Ball
2-2: Ball
3-2: Foul Ball, location: 2F
3-2: Foul Ball, location: 2F
3-2: Foul Ball, location: 2F
3-2: Foul Ball, location: 2F
3-2: Strikes out swinging
Top of the 9th over - 0 runs, 0 hits, 0 errors, 0 left on base; Belleville 4 - Monroeville 1
BOTTOM OF THE 9TH
Monroeville Yinzers batting - Pitching for Belleville Bulls : LHP Wayne Daugherty
Pitching: RHP Stu Searle
Batting: RHB Félix Pacheco 0-0: Ball
1-0: Ball
2-0: Foul Ball, location: 2F
2-1: Foul Ball, location: 2F
2-2: Fly out, F3 (Popup, 3F, EV 65.6 MPH)
Batting: RHB Brian Martin 0-0: Swinging Strike
0-1: Ball
1-1: Foul Ball, location: 2F
1-2: Ball
2-2: Ball
3-2: Foul Ball, location: 2F
3-2: Strikes out swinging
Batting: SHB Chong-hun Cho 0-0: Ball
1-0: Called Strike
1-1: Called Strike
1-2: Ball
2-2: Strikes out swinging
Bottom of the 9th over - 0 runs, 0 hits, 0 errors, 0 left on base; Belleville 4 - Monroeville 1
Tuesday, January 5th, 2021 - OOTP Baseball 20.8 Build 74